AoeStats
← Thranduil16

MegaRandom

509778595Analyzed
2v2 RM · 4d ago on Sep 28, 2026· 68m 20s· 4 players
Game mode
Random Map
Map size
Medium (4 player)
Population
200
Speed
Normal
Resources
Standard
Victory
Conquest
Starting age
Dark Age
Ending age
Imperial Age
RankedLock teamsTeams togetherTeam positionsShared explorationLock speedFull tech treeHidden civsTurbo modeCheats
Victory
Defeat
🇺🇸 Saxons · United States
1102
+15
🇺🇸 Danes · United States
1054
+17
🇦🇷 Wei · Argentina
1086
-16
🇦🇷 Wu · Argentina
1071
-16
LyM. El Arquitecto
0:27 Loom
11:25 Feudal Age
12:08 Double-Bit Axe
12:22 Fishing Lines
12:58 Town Watch
14:59 Fletching
21:01 Castle Age
19:56 Padded Archer Armor
22:48 Medium Warships
22:32 Gillnets
35:09 Wheelbarrow
35:24 Red Cliffs Tactics
36:38 Bodkin Arrow
36:59 Leather Archer Armor
39:49 Imperial Age
38:57 Ballistics
38:48 Masonry
39:16 Gold Mining
39:20 Stone Mining
40:24 Elite Fire Archer
42:57 Chemistry
43:49 Conscription
46:48 Sitting Tiger
47:26 Architecture
46:51 Murder Holes
47:03 Siphons
46:38 Treadmill Crane
48:12 Bracer
48:22 Forging
52:21 Man-at-Arms
53:02 Squires
52:48 Arson
53:56 Iron Casting
53:22 Scale Mail Armor
53:39 Clinker Construction
52:59 Long Swordsman
53:47 Two-Handed Swordsman
55:44 Chain Mail Armor
56:29 Blast Furnace
54:53 Elite Skirmisher
58:26 Champion
62:14 Hand Cart
LyM.leantorras
12:59 Feudal Age
12:13 Loom
13:49 Horse Collar
13:59 Double-Bit Axe
19:17 Castle Age
22:58 Forging
22:54 Scale Barding Armor
23:28 Wheelbarrow
25:29 Iron Casting
26:47 Hand Cart
27:45 Chain Barding Armor
28:49 Heavy Plow
29:04 Bow Saw
31:30 Gold Mining
31:31 Stone Mining
37:08 Imperial Age
36:58 Fletching
37:45 Town Watch
38:49 Parthian Tactics
38:30 Thumb Ring
38:39 Bodkin Arrow
38:45 Padded Archer Armor
39:46 Bracer
41:15 Leather Archer Armor
41:23 Ballistics
42:05 Chemistry
67:17 Husbandry
67:28 Bloodlines
66:39 Light Cavalry
Thranduil16
11:26 Feudal Age
11:54 Double-Bit Axe
11:59 Town Watch
13:48 Horse Collar
14:16 Loom
16:05 Gold Mining
23:03 Castle Age
24:07 Heavy Plow
24:56 Gold Shaft Mining
24:14 Stone Mining
24:05 Pikeman
24:59 Bow Saw
26:25 Stone Shaft Mining
30:27 Wheelbarrow
34:53 Imperial Age
35:11 Forging
35:01 Scale Mail Armor
35:07 Scale Barding Armor
35:09 Capped Ram
37:43 Conscription
36:50 Hamask
40:19 Siege Ram
40:27 Siege Ram
42:30 Onager
43:56 Elite Varangian Guard
49:42 Siege Onager
51:09 Heavy Scorpion
52:07 Padded Archer Armor
51:58 Fletching
53:16 Leather Archer Armor
Holy Order of PIZZASALAD
11:54 Feudal Age
10:09 Loom
12:20 Double-Bit Axe
17:48 Castle Age
19:03 Bow Saw
20:48 Fletching
21:43 Town Watch
22:33 Wheelbarrow
22:08 Bodkin Arrow
30:33 Horse Collar
35:03 Imperial Age
34:27 Forging
34:17 Scale Mail Armor
34:47 Hand Cart
36:32 Iron Casting
36:12 Chain Mail Armor
36:25 Conscription
39:19 Shield Wall
43:09 Two-Man Saw
44:15 Plate Mail Armor
44:49 Elite Hearth Troop
Connection lost

Rejoining the realm…

Still unreachable

The connection could not be restored.

Session expired

The server has moved on; the page needs a fresh start.